 Dungeon Crawl Stone Soup version 0.29.1-12-g30fa7ad0bf (webtiles) character file.

Game seed: 11373275820967200607

1 GeoRichter the Trooper (level 1, 0/18 HPs)
             Began as a Demonspawn Monk on Dec 21, 2022.
             Slain by a jackal (2 damage)
             ... on level 1 of the Dungeon.
             The game lasted 00:00:20 (99 turns).

GeoRichter the Trooper (Demonspawn Monk)              Turns: 99, Time: 00:00:21

Health: 0/18       AC:  2    Str: 11    XL:     1   Next: 16%
Magic:  1/1        EV: 12    Int: 11    God:
Gold:   9          SH:  0    Dex: 15    Spells: 0/0 levels left

rFire   . . .      SeeInvis .   a - +0 spear
rCold   . . .      Faith    .   (no shield)
rNeg    . . .      Spirit   .   b - +0 robe
rPois   .          Reflect  .   (no helmet)
rElec   .          Harm     .   (no cloak)
rCorr   .          Rampage  .   (no gloves)
Will    .....                   (no boots)
Stlth   ++........              (no amulet)
HPRegen 0.06/turn               (no ring)
MPRegen 0.07/turn               (no ring)

@: no status effects
A: no striking features
a: no special abilities


You were on level 1 of the Dungeon.
You visited 1 branch of the dungeon, and saw 1 of its levels.

You collected 9 gold pieces.

Inventory:

Hand Weapons
 a - a +0 spear (weapon)
Armour
 b - a +0 robe (worn)
Jewellery
 d - a ring of flight
   (You found it on level 1 of the Dungeon)
Potions
 c - a potion of ambrosia


   Skills:
 - Level 3.0 Fighting
 * Level 2.7 Polearms
 - Level 2.6 Dodging
 + Level 1.8 Stealth


You couldn't memorise any spells.
You didn't know any spells.
Your spell library was empty.

Dungeon Overview and Level Annotations

Branches:
Dungeon (1/15) Zot: 5900

Altars:


Message History

There is an open door here.
You open the door.
Found 15 gold pieces.
Found a stone staircase leading down.
There is an open door here.
There is a stone staircase leading down here.
A jackal comes into view.
Found a scroll labelled XOYQUR ZOYNO.
A jackal is nearby! 2 jackals come into view.
The jackal barks!
A jackal comes into view.
The jackal barks! x2
A ball python comes into view.
The ball python moves out of view.
Found a leather armour.
The ball python hisses angrily.
You hit the jackal but do no damage. The jackal bites you.
The jackal barely misses you. The jackal attacks as you move away!
The jackal bites you. The jackal barely misses you. The jackal bites you.
The jackal attacks as you move away! The jackal barely misses you.
The jackal attacks as you move away! The jackal bites you.
The jackal attacks as you move away! The jackal bites you.
The jackal misses you. The jackal attacks as you move away!
The jackal bites you. The jackal closely misses you. The jackal bites you.
* * * LOW HITPOINT WARNING * * *
The jackal barely misses you.
There is an open door here.
The jackal closely misses you.
You are too injured to fight recklessly!
You are too injured to fight recklessly!
You hit the jackal but do no damage. The jackal misses you.
You hit the jackal.
The jackal bites you but does no damage.
You hit the jackal.
The jackal bites you but does no damage.
You hit the jackal but do no damage. The jackal barely misses you.
The jackal closely misses you.
You hit the jackal but do no damage. The jackal closely misses you.
You hit the jackal. The jackal bites you.
* * * LOW HITPOINT WARNING * * *
The jackal closely misses you.
You hit the jackal but do no damage. The jackal barely misses you.
You closely miss the jackal. The jackal bites you.
* * * LOW HITPOINT WARNING * * *
You barely miss the jackal. The jackal bites you.
* * * LOW HITPOINT WARNING * * *
The jackal bites you.
You die...

##.## ..... ##.#.#..####
##...## .### #...........
#.....##+### #.#..#.....#
##...##...####.#..#?..#
##.##.....##.........#
#''...8...#+##.S#..$#
#.##.....##.##..#.#.#
#...##...##...##h..#...
#..⌠. ##'##....@hh.## #.#
##...##...##...##h.......#
##.##.....##.##..###......
#+#.......''#.... ...##
##.....##.##.### ..
##...##...## . ##+##.....+
##...## ##.##


You could see 4 jackals.

Vanquished Creatures
  A bat (D:1)
1 creature vanquished.

Notes
Turn   | Place    | Note
-------+----------+-------------------------------------------
     0 | D:1      | GeoRichter the Demonspawn Monk began the quest for the Orb.
     0 | D:1      | Reached XP level 1. HP: 18/18 MP: 1/1
    99 | D:1      | Slain by a jackal

Illustrated notes

Levels and vault maps discovered:
D:1:      dpeg_arrival_three_same_balls, layout_basic, nicolae_hexahallways

Action                   || total
-------------------------++-------
Melee: Spear             ||    11
 Stab: Sleeping          ||     1
Armor: Robe              ||     2
Dodge: Dodged            ||    13
